 Seeded DCSS version 0.29.1-15-g9cfb28693d (webtiles) character file.

Game seed: 15822848163574757677 (custom seed)

117 kingofthe the Conjurer (level 4, -3/24 HPs)
             Began as a Deep Elf Conjurer on Mar 9, 2023.
             Was an Initiate of Sif Muna.
             Slain by an iguana (9 damage)
             ... on level 4 of the Dungeon.
             The game lasted 00:05:34 (2847 turns).

kingofthe the Conjurer (Deep Elf Conjurer)          Turns: 2847, Time: 00:05:35

Health: -3/24      AC:  2    Str:  4    XL:     4   Next: 71%
Magic:  12/12      EV: 13    Int: 23    God:    Sif Muna [......]
Gold:   198        SH:  0    Dex: 15    Spells: 4/12 levels left

rFire   . . .      SeeInvis .   (no weapon)
rCold   . . .      Faith    .   (no shield)
rNeg    . . .      Spirit   .   a - +0 robe
rPois   .          Reflect  .   (no helmet)
rElec   .          Harm     .   (no cloak)
rCorr   .          Rampage  .   (no gloves)
Will    .....                   (no boots)
Stlth   ++........              (no amulet)
HPRegen 0.08/turn               (no ring)
MPRegen 0.13/turn               (no ring)

@: no status effects
A: no striking features
a: Renounce Religion


You were on level 4 of the Dungeon.
You worshipped Sif Muna.
Sif Muna was noncommittal.
You visited 1 branch of the dungeon, and saw 4 of its levels.

You collected 198 gold pieces.


   Skills:
 - Level 3.5 Dodging
 - Level 3.0 Stealth
 + Level 4.5 Spellcasting
 + Level 5.2 Conjurations
 * Level 1.2 Hexes


You had 4 spell levels left.
You knew the following spells:

 Your Spells              Type           Power      Damage    Failure   Level
a - Magic Dart            Conj           100%       1d8       1%          1
b - Searing Ray           Conj           58%        2d6       1%          2
c - Foxfire               Conj/Fire      68%        2x1d7     3%          1
d - Fulminant Prism       Conj/Hex       10%        3d9       26%         4

Your spell library contained the following spells:

 Spells                   Type           Power      Damage    Failure   Level
 Dazzling Flash           Conj/Hex       40%        N/A       8%          3
 Conjure Flame            Conj/Fire      17%        6-21      10%         3
 Mephitic Cloud           Conj/Pois/Air  13%        N/A       14%         3
 Inner Flame              Hex/Fire       8%         N/A       22%         3
 Portal Projectile        Hex/Tloc       16%        N/A       22%         3
 Call Canine Familiar     Summ           5%         N/A       30%         3
 Ignite Poison            Fire/Tmut/Pois 5%         N/A       30%         3
 Flame Wave               Conj/Fire      17%        2d7       32%         4
 Iskenderun's Mystic Bla  Conj/Tloc      17%        2d5       32%         4
 Leda's Liquefaction      Hex/Erth       4%         N/A       58%         4
 Freezing Cloud           Conj/Ice/Air   6%         6-21      80%         5

Inventory:

Missiles
 m - a throwing net {=f}
Armour
 a - a +0 robe (worn)
 h - a +0 pair of gloves
 i - the +1 ring mail "Vuekuas" {Will+ Str+3}
   (You found it on level 2 of the Dungeon)

   Str:       It affects your strength (+3).
   Will:      It increases your willpower.
 p - the +3 scale mail of the Viny Hot Ocelot {rElec rPois Stlth+}
   (You found it on level 3 of the Dungeon)

   rElec:     It insulates you from electricity.
   rPois:     It protects you from poison.
   Stlth:     It makes you more stealthy.
Wands
 k - a wand of quicksilver (3)
Scrolls
 c - 5 scrolls of identify {unknown}
 f - 2 scrolls of vulnerability {unknown}
 g - a scroll of brand weapon {unknown}
 j - 2 scrolls of teleportation {unknown}
 o - a scroll of noise {unknown}
Potions
 b - a potion of magic
 d - 3 potions of haste {unknown}
 e - a potion of experience {unknown}
 l - a potion of curing {unknown}
 n - 2 potions of mutation {unknown}
 q - a potion of degeneration {unknown}
 r - a potion of flight {unknown}

Dungeon Overview and Level Annotations

Branches:
Dungeon (4/15)
 Temple: D:4-7

Altars:
Sif Muna
Trog
Zin

Annotations:
D:4 Dowan, Duvessa

#.....##################e.......
####.## #..................
#.#########..)....O...####...
##......##............## ..
#....<................#
#....#######..........#
#.....### #..........#
#.....<.####..........#
#....##......@l.........
#....#######............. ######
#.....$.....#. ###....###(..
#.##.# ##. ..# ... ### .... ..


You could see an ogre and an iguana.


Message History

You can't see any susceptible monsters within range! (Use Z to cast anyway.)
You can't see any susceptible monsters within range! (Use Z to cast anyway.)
You can't see any susceptible monsters within range! (Use Z to cast anyway.)
You can't see any susceptible monsters within range! (Use Z to cast anyway.)
An endoplasm comes into view.
An endoplasm is nearby!
The magic dart hits the endoplasm.
You kill the endoplasm!
Sif Muna accepts your kill.
You can't see any susceptible monsters within range! (Use Z to cast anyway.)
You can't see any susceptible monsters within range! (Use Z to cast anyway.) Magic restored.
Found a sling.
Dowan, Brother of Duvessa comes into view.
He is wielding a +0 dagger.
Dowan shouts!
You hear a shout!
Dowan casts a spell at you. The puff of flame hits you!
Duvessa, Sister of Dowan comes into view.
She is wielding a +0 rapier.
Duvessa shouts!
You hear a shout!
An iguana comes into view.
Found 15 gold pieces.
An ogre comes into view. It is wielding a +0 giant club.
The iguana hisses angrily.
The ogre shouts!
The iguana bites you!
* * * LOW HITPOINT WARNING * * *
Found a stone.
The iguana attacks as you move away! The iguana completely misses you.
The iguana attacks as you move away! The iguana bites you!
You die...

Skill      XL: |  1  2  3  4 |
---------------+-------------+-----
Dodging        | 3 |  3.5
Spellcasting   | 4 |  4.5
Conjurations   | 5 |  5.2
Stealth        | 3 |  3.0
Hexes          | 1 |  1.2

Action                   |  1- 3 |  4- 6 || total
-------------------------+-------+-------++-------
 Cast: Magic Dart        |    65 |    20 ||    85
       Foxfire           |    11 |       ||    11
       Searing Ray       |     1 |     2 ||     3
Dodge: Dodged            |     1 |     2 ||     3

Levels and vault maps discovered:
D:1:      heliophobic_arrival_enchanted_forest, layout_loops_ring,
          minmay_misc_feat_enclosed, minmay_tromino_v4_a
D:2:      kennysheep_big_flooded_room, layout_rooms, kennysheep_generic_room_13
D:3:      layout_loops_corners, zin_statuary, mainiacjoe_overflow_boulevard,
          mainiacjoe_overflow_six_doors_small, guppyfry_early_lair_pool,
          uniq_jessica
D:4:      layout_rooms, uniq_duvessa

Notes
Turn   | Place    | Note
-------+----------+-------------------------------------------
     0 | D:1      | kingofthe the Deep Elf Conjurer began the quest for the
                  | Orb.
     0 | D:1      | Reached XP level 1. HP: 10/10 MP: 6/6
   190 | D:1      | Reached XP level 2. HP: 15/15 MP: 4/8
   193 | D:1      | Learned a level 2 spell: Searing Ray
   378 | D:1      | Reached skill level 3 in Dodging
   564 | D:1      | Reached XP level 3. HP: 19/19 MP: 3/10
  1288 | D:2      | Identified the +1 ring mail "Vuekuas" {Will+ Str+3}
  1407 | D:2      | Learned a level 1 spell: Foxfire
  1530 | D:2      | Reached skill level 4 in Spellcasting
  1530 | D:2      | Reached skill level 5 in Conjurations
  1629 | D:3      | Noticed Jessica
  1649 | D:3      | Killed Jessica
  1650 | D:3      | Reached skill level 3 in Stealth
  1650 | D:3      | Reached XP level 4. HP: 24/24 MP: 2/12
  1655 | D:3      | Learned a level 4 spell: Fulminant Prism
  1918 | D:3      | Found a bloodstained altar of Trog.
  1997 | D:3      | Identified the +3 scale mail of the Viny Hot Ocelot {rElec
                  | rPois Stlth+}
  2195 | D:3      | Reached skill level 1 in Hexes
  2293 | D:3      | Found a shimmering blue altar of Sif Muna.
  2298 | D:3      | Became a worshipper of Sif Muna the Loreminder
  2410 | D:3      | Found a glowing silver altar of Zin.
  2835 | D:4      | Noticed Dowan
  2835 | D:4      | Noticed Duvessa
  2840 | D:4      | Noticed an ogre
  2847 | D:4      | Slain by an iguana

Vanquished Creatures
  Jessica (D:3)
  An adder (D:2)
  2 worms (D:2)
  3 dart slugs
  4 orcs (D:3)
  8 endoplasms
  A giant cockroach (D:1)
  7 goblins
  3 hobgoblins
  4 jackals (D:3)
  3 quokkas
  7 ball pythons
  3 bats
  4 frilled lizards (D:1)
  8 kobolds
  2 rats
61 creatures vanquished.

Vanquished Creatures (others)
  19 foxfires
  A plant (D:3)
20 creatures vanquished.

Grand Total: 81 creatures vanquished

Table legend: (Time is in decaauts)
 A = Elapsed time spent in this place.
 B = Non-inter-level travel time spent in this place.
 C = Inter-level travel time spent in this place.
 D = Time resting spent in this place.
 E = Time spent auto-exploring this place.
 F = Levels seen in this place.
 G = Mean time per level.
                   A        B        C        D        E       F      G
               +--------+--------+--------+--------+--------+-----+--------+
         Total |   2846 |   2752 |     94 |     58 |   2406 |   4 |  711.5 |
       Dungeon |   2846 |   2752 |     94 |     58 |   2406 |   4 |  711.5 |
               +--------+--------+--------+--------+--------+-----+--------+

Top non-repeatable levels by time:
     D:3: 1166 daAuts
     D:1: 960 daAuts
     D:2: 652 daAuts
     D:4: 67 daAuts

Table legend:
 A = Non-vault XP
 B = Vault XP
 C = Vault XP percentage of total XP
 D = Non-vault monster count
 E = Vault monster count
 F = Vault count percentage of total count
                 A         B        C        D         E       F
            +---------+---------+-------+---------+---------+-------
      Total |     118 |      50 |  29.8 |      53 |       8 |  13.1
            +---------+---------+-------+---------+---------+-------
        D:1 |      46 |       6 |  11.5 |      27 |       4 |  12.9
        D:2 |      34 |       7 |  17.1 |      10 |       3 |  23.1
        D:3 |      36 |      37 |  50.7 |      15 |       1 |   6.2
        D:4 |       2 |       0 |   0.0 |       1 |       0 |   0.0
            +---------+---------+-------+---------+---------+-------
